3AAA
HIALEAH DODOS @ HAMILTON COYOTES
06/09/2034
 
TOP OF THE 1ST
Hialeah Dodos batting - Pitching for Hamilton Coyotes : RHP Jeff Arocha
Pitching: RHP Jeff Arocha
Batting: SHB Luis Manuel Flores 0-0: Ball
1-0: Ball
2-0: Ball
3-0: Called Strike
3-1: Base on Balls
Batting: RHB Clarence Weber 0-0: Ball
1-0: Called Strike
1-1: Foul Ball, location: 2F
1-2: Ball
2-2: Foul Ball, location: 2F
2-2: Fly out, F9 (Line Drive, 9D)
Batting: RHB Jorge Salgado 0-0: Called Strike
0-1: Ball
1-1: Foul Ball, location: 2F
1-2: Foul Ball, location: 2F
1-2: Strikes out swinging
Luis Manuel Flores steals 2nd base
Batter strikes out.
Batting: LHB Errol Levick 0-0: Ball
1-0: Called Strike
1-1: Ball
2-1: Foul Ball, location: 2F
2-2: SINGLE (Line Drive, 56D)
Luis Manuel Flores to third
Runner from 3rd tries for Home, SAFE, no throw
Batting: RHB James Hill 0-0: Ball
1-0: Swinging Strike
1-1: Swinging Strike
1-2: Strikes out swinging
Top of the 1st over - 1 run, 1 hit, 0 errors, 1 left on base; Hialeah 1 - Hamilton 0
BOTTOM OF THE 1ST
Hamilton Coyotes batting - Pitching for Hialeah Dodos : RHP Woo-suk Cho
Pitching: RHP Woo-suk Cho
Batting: RHB Zack McLean 0-0: Swinging Strike
0-1: Ball
1-1: Called Strike
1-2: Foul Ball, location: 2F
1-2: Ball
2-2: Foul Ball, location: 2F
2-2: Foul Ball, location: 2F
2-2: Strikes out swinging
Batting: RHB Pancho Rodríguez 0-0: Ball
1-0: Ball
2-0: Ball
3-0: Called Strike
3-1: Swinging Strike
3-2: Ground out 6-3 (Groundball, 6)
Batting: LHB Ed Mellor 0-0: Foul Ball, location: 2F
0-1: Called Strike
0-2: Foul Ball, location: 2F
0-2: Strikes out swinging
Bottom of the 1st over - 0 runs, 0 hits, 0 errors, 0 left on base; Hialeah 1 - Hamilton 0
TOP OF THE 2ND
Hialeah Dodos batting - Pitching for Hamilton Coyotes : RHP Jeff Arocha
Batting: LHB Kendrick Sullivan 0-0: Ball
1-0: Ball
2-0: Foul Ball, location: 2F
2-1: Ball
3-1: Base on Balls
Batting: RHB Aurelio Álvarez 0-0: Ball
1-0: Ball
2-0: Ball
3-0: Base on Balls
Kendrick Sullivan to second
Batting: SHB Javier Gonzáles 0-0: Ball
1-0: Swinging Strike
1-1: Foul Ball, location: 2F
1-2: Ball
2-2: Ball
3-2: Base on Balls
Kendrick Sullivan to third
Aurelio Álvarez to second
Batting: RHB Jack Head 0-0: Called Strike
0-1: Ball
1-1: Foul Ball, location: 2F
1-2: Fly out, F9 (Flyball, 89M)
Runner from 3rd tags up, SCORES, throw made
Batting: SHB Luis Manuel Flores 0-0: Foul Ball, location: 2F
0-1: Ball
1-1: Ball
2-1: Swinging Strike
2-2: Fly out, F4 (Popup, 4MD)
Batting: RHB Clarence Weber 0-0: Swinging Strike
0-1: Ball
1-1: Foul Ball, location: 2F
1-2: Ball
2-2: Strikes out swinging
Top of the 2nd over - 1 run, 0 hits, 0 errors, 2 left on base; Hialeah 2 - Hamilton 0
BOTTOM OF THE 2ND
Hamilton Coyotes batting - Pitching for Hialeah Dodos : RHP Woo-suk Cho
Batting: LHB José Gómez 0-0: Ball
1-0: Foul Ball, location: 2F
1-1: Ball
2-1: SINGLE (Flyball, 78S)
Batting: RHB Júlio Robles 0-0: Ball
1-0: Swinging Strike
1-1: Ball
2-1: Fielders Choice at 2nd, 1-6 (Groundball, P)
Batting: RHB Duane Wills 0-0: Ball
1-0: Called Strike
1-1: Ball
2-1: Grounds into double play, 6-4-3 (Groundball, 6)
Bottom of the 2nd over - 0 runs, 1 hit, 0 errors, 0 left on base; Hialeah 2 - Hamilton 0
TOP OF THE 3RD
Hialeah Dodos batting - Pitching for Hamilton Coyotes : RHP Jeff Arocha
Batting: RHB Jorge Salgado 0-0: Ball
1-0: Swinging Strike
1-1: Called Strike
1-2: Foul Ball, location: 2F
1-2: DOUBLE (Line Drive, 78M)
Batting: LHB Errol Levick 0-0: Ball
1-0: Ground out 4-3 (Groundball, 4)
Jorge Salgado to third
Batting: RHB James Hill 0-0: Ball
1-0: Called Strike
1-1: SINGLE (Line Drive, 34D)
Jorge Salgado scores
Batting: LHB Kendrick Sullivan 0-0: Ball
1-0: Ball
2-0: Swinging Strike
2-1: Ball
3-1: Foul Ball, location: 2F
3-2: Strikes out swinging
Batting: RHB Aurelio Álvarez 0-0: Ball
1-0: Ball
2-0: Ball
3-0: Base on Balls
James Hill to second
Batting: SHB Javier Gonzáles 0-0: Ball
1-0: Called Strike
1-1: Foul Ball, location: 2F
1-2: Strikes out swinging
Top of the 3rd over - 1 run, 2 hits, 0 errors, 2 left on base; Hialeah 3 - Hamilton 0
BOTTOM OF THE 3RD
Hamilton Coyotes batting - Pitching for Hialeah Dodos : RHP Woo-suk Cho
Batting: RHB Vincente Fuentes 0-0: Swinging Strike
0-1: DOUBLE (Line Drive, 7LM)
Batting: RHB Tomás Bermúdez 0-0: Called Strike
0-1: Ball
1-1: Ball
2-1: Called Strike
2-2: Foul Ball, location: 2F
2-2: Ball
3-2: Base on Balls
Batting: RHB Warren Martin 0-0: Called Strike
0-1: Ball
1-1: Fielders Choice at 2nd, 6-4 (Groundball, 6)
Vincente Fuentes to third
Batting: RHB Zack McLean 0-0: Ball
1-0: Called Strike
1-1: Reached on error, E6 (Groundball, 6S)
Vincente Fuentes scores
Warren Martin to third
Batting: RHB Pancho Rodríguez 0-0: Called Strike
0-1: Ball
1-1: Fly out, F5 (Popup, 5SF)
Batting: LHB Ed Mellor 0-0: Ball
1-0: Ball
2-0: Ground out 4-3 (Groundball, 34D)
Bottom of the 3rd over - 1 run, 1 hit, 1 error, 2 left on base; Hialeah 3 - Hamilton 1
TOP OF THE 4TH
Hialeah Dodos batting - Pitching for Hamilton Coyotes : RHP Jeff Arocha
Batting: RHB Jack Head 0-0: Ball
1-0: Ball
2-0: Ball
3-0: Base on Balls
Pitching: RHP Giddy Potts
Batting: SHB Luis Manuel Flores 0-0: Foul Ball, location: 2F
0-1: Ball
Jack Head steals 2nd base
1-1: Ground out U3 (Groundball, 3L)
Jack Head to third
Batting: RHB Clarence Weber 0-0: SINGLE (Line Drive, 56)
Jack Head scores
Batting: RHB Jorge Salgado 0-0: Ball
1-0: Ball
2-0: Foul Ball, location: 2F
2-1: Ball
Clarence Weber steals 2nd base
3-1: Base on Balls
Batting: LHB Errol Levick 0-0: Ball
1-0: Called Strike
1-1: Ball
2-1: Ball
3-1: Base on Balls
Clarence Weber to third
Jorge Salgado to second
Batting: RHB James Hill 0-0: Foul Ball, location: 2F
0-1: Foul Ball, location: 2F
0-2: Ball
1-2: Foul Ball, location: 2F
1-2: Ball
2-2: Ball
3-2: Base on Balls
Clarence Weber scores
Jorge Salgado to third
Errol Levick to second
Batting: LHB Kendrick Sullivan 0-0: Called Strike
0-1: Foul Ball, location: 2F
0-2: Foul Ball, location: 2F
0-2: Strikes out swinging
Batting: RHB Aurelio Álvarez 0-0: Ball
1-0: Swinging Strike
1-1: Swinging Strike
1-2: Strikes out looking
Top of the 4th over - 2 runs, 1 hit, 0 errors, 3 left on base; Hialeah 5 - Hamilton 1
BOTTOM OF THE 4TH
Hamilton Coyotes batting - Pitching for Hialeah Dodos : RHP Woo-suk Cho
Batting: LHB José Gómez 0-0: Swinging Strike
0-1: Foul Ball, location: 2F
0-2: Foul Ball, location: 2F
0-2: Ball
1-2: Ball
2-2: Ground out 5-3 (Groundball, 5D)
Batting: RHB Júlio Robles 0-0: Called Strike
0-1: Ground out 4-3 (Groundball, 4)
Batting: RHB Duane Wills 0-0: Fly out, F8 (Line Drive, 8LD)
Bottom of the 4th over - 0 runs, 0 hits, 0 errors, 0 left on base; Hialeah 5 - Hamilton 1
TOP OF THE 5TH
Hialeah Dodos batting - Pitching for Hamilton Coyotes : RHP Giddy Potts
Batting: SHB Javier Gonzáles 0-0: Called Strike
0-1: Single, Error in OF, E8, batter to second base
Batting: RHB Jack Head 0-0: Ball
1-0: Called Strike
1-1: Foul Ball, location: 2F
1-2: Foul Ball, location: 2F
1-2: Ball
2-2: Ball
3-2: Foul Ball, location: 2F
3-2: Strikes out swinging
Batting: SHB Luis Manuel Flores 0-0: Ball
1-0: Foul Ball, location: 2F
1-1: Called Strike
1-2: SINGLE (Line Drive, 4M)
Javier Gonzáles to third
Runner from 3rd tries for Home, SAFE, no throw
Batting: RHB Clarence Weber 0-0: Ball
Luis Manuel Flores steals 2nd base
1-0: Called Strike
Luis Manuel Flores steals 3rd base
1-1: Called Strike
1-2: Fly out, F5 (Line Drive, 56)
Batting: RHB Jorge Salgado 0-0: Called Strike
0-1: Fly out, F7 (Flyball, 7LDF)
Top of the 5th over - 1 run, 2 hits, 1 error, 1 left on base; Hialeah 6 - Hamilton 1
BOTTOM OF THE 5TH
Hamilton Coyotes batting - Pitching for Hialeah Dodos : RHP Woo-suk Cho
Batting: RHB Vincente Fuentes 0-0: Foul Ball, location: 2F
0-1: Ball
1-1: Ball
2-1: Ball
3-1: Ground out 1-3 (Groundball, 13S)
Batting: RHB Tomás Bermúdez 0-0: Ball
1-0: Called Strike
1-1: Foul Ball, location: 2F
1-2: Strikes out swinging
Batting: RHB Warren Martin 0-0: Ball
1-0: Foul Ball, location: 2F
1-1: Foul Ball, location: 2F
1-2: Ball
2-2: Foul Ball, location: 2F
2-2: Fly out, F9 (Flyball, 9S)
Bottom of the 5th over - 0 runs, 0 hits, 0 errors, 0 left on base; Hialeah 6 - Hamilton 1
TOP OF THE 6TH
Hialeah Dodos batting - Pitching for Hamilton Coyotes : RHP Giddy Potts
Batting: LHB Errol Levick 0-0: Foul Ball, location: 2F
0-1: Called Strike
0-2: SINGLE (Groundball, 4MD)
Batting: RHB James Hill 0-0: SINGLE (Flyball, 89S)
Errol Levick to second
Runner from 2nd tries for 3rd, SAFE, no throw
Batting: LHB Kendrick Sullivan 0-0: Foul Ball, location: 2F
0-1: Called Strike
0-2: Ball
1-2: Ball
2-2: Fly out, F4 (Line Drive, 4)
Batting: RHB Aurelio Álvarez 0-0: Ball
1-0: Ball
2-0: Grounds into double play, 6-4-3 (Groundball, 6)
Top of the 6th over - 0 runs, 2 hits, 0 errors, 1 left on base; Hialeah 6 - Hamilton 1
BOTTOM OF THE 6TH
Hamilton Coyotes batting - Pitching for Hialeah Dodos : RHP Woo-suk Cho
Batting: RHB Zack McLean 0-0: Ball
1-0: Called Strike
1-1: Ball
2-1: Ball
3-1: Called Strike
3-2: Base on Balls
Batting: RHB Pancho Rodríguez 0-0: 2-RUN HOME RUN (Flyball, 8LXD), Distance : 427 ft
Batting: LHB Ed Mellor 0-0: SINGLE (Flyball, 9LM)
Batting: LHB José Gómez 0-0: Ball
Ed Mellor steals 2nd base
1-0: Ball
2-0: Ball
3-0: Called Strike
3-1: Base on Balls
Batting: RHB Júlio Robles 0-0: Ball
1-0: Called Strike
1-1: Foul Ball, location: 2F
1-2: Foul Ball, location: 2F
1-2: SINGLE (Groundball, 6MD)
Ed Mellor to third
José Gómez to second
Batting: RHB Duane Wills 0-0: Called Strike
0-1: Ball
1-1: Swinging Strike
1-2: Ball
2-2: Ground out 6-3 (Groundball, 6S)
Ed Mellor scores
José Gómez to third
Júlio Robles to second
Batting: RHB Vincente Fuentes 0-0: Ball
1-0: Ball
2-0: Ball
3-0: Base on Balls
Batting: RHB Tomás Bermúdez 0-0: Ball
1-0: Ball
2-0: Ball
3-0: Foul Ball, location: 2F
3-1: Base on Balls
José Gómez scores
Júlio Robles to third
Vincente Fuentes to second
Batting: RHB Warren Martin 0-0: Ball
1-0: Ball
2-0: Foul Ball, location: 2F
2-1: SINGLE (Groundball, 4MD)
Júlio Robles scores
Vincente Fuentes to third
Tomás Bermúdez to second
Pitching: RHP Enrique García
Batting: RHB Zack McLean 0-0: Called Strike
0-1: Ball
1-1: Fly out, F8 (Flyball, 8RM)
Runner from 3rd tags up, SCORES, throw made
Batting: RHB Pancho Rodríguez 0-0: Ball
1-0: Ball
Wild Pitch!
Tomás Bermúdez to third
Warren Martin to second
2-0: Swinging Strike
2-1: Ball
3-1: Base on Balls
Batting: LHB Ed Mellor 0-0: Ball
1-0: Swinging Strike
1-1: Ball
2-1: Foul Ball, location: 2F
2-2: Ball
3-2: Base on Balls
Tomás Bermúdez scores
Warren Martin to third
Pancho Rodríguez to second
Pitching: RHP Cisco Ortíz
Batting: LHB José Gómez 0-0: Ball
1-0: Foul Ball, location: 2F
1-1: Ball
2-1: Ball
3-1: Base on Balls
Warren Martin scores
Pancho Rodríguez to third
Ed Mellor to second
Batting: RHB Júlio Robles 0-0: Ball
1-0: Called Strike
1-1: Ball
2-1: Foul Ball, location: 2F
2-2: SINGLE (Flyball, 34D)
Pancho Rodríguez scores
Ed Mellor to third
José Gómez to second
Batting: RHB Duane Wills 0-0: Ball
1-0: Ground out 5-3 (Groundball, 56S)
Bottom of the 6th over - 9 runs, 5 hits, 0 errors, 3 left on base; Hialeah 6 - Hamilton 10
TOP OF THE 7TH
Hialeah Dodos batting - Pitching for Hamilton Coyotes : RHP Giddy Potts
Batting: SHB Javier Gonzáles 0-0: Ball
1-0: SINGLE (Groundball, 34D)
Pitching: RHP Noburo Oishi
Batting: RHB Jack Head 0-0: Foul Ball, location: 2F
0-1: Swinging Strike
0-2: Ball
1-2: Ball
2-2: Strikes out swinging
Batting: SHB Luis Manuel Flores 0-0: Ball
Passed Ball!
Javier Gonzáles to second
1-0: Called Strike
1-1: Ball
2-1: Ball
3-1: Base on Balls
Batting: RHB Clarence Weber 0-0: Ball
1-0: Ball
2-0: SINGLE (Flyball, 7S)
Javier Gonzáles to third
Luis Manuel Flores to second
Runner from 3rd tries for Home, SAFE, no throw
Batting: RHB Jorge Salgado 0-0: Ball
1-0: Called Strike
1-1: Called Strike
Luis Manuel Flores steals 3rd base
Clarence Weber to second
1-2: Ball
2-2: Foul Ball, location: 2F
2-2: Fly out, F8 (Flyball, 89M)
Runner from 3rd tags up, SCORES, throw made
Batting: LHB Errol Levick 0-0: Ball
1-0: Ball
2-0: Ball
3-0: Base on Balls
Batting: RHB James Hill 0-0: Ball
1-0: Fly out, F6 (Line Drive, 6)
Top of the 7th over - 2 runs, 2 hits, 0 errors, 2 left on base; Hialeah 8 - Hamilton 10
BOTTOM OF THE 7TH
Hamilton Coyotes batting - Pitching for Hialeah Dodos : RHP Cisco Ortíz
Batting: RHB Vincente Fuentes 0-0: SINGLE (Flyball, 9S)
Batting: RHB Tomás Bermúdez 0-0: Bunt - Flyout! F1
Batting: RHB Warren Martin 0-0: Called Strike
0-1: Ball
1-1: Fly out, F4 (Popup, 4)
Batting: RHB Zack McLean 0-0: Ball
1-0: Ball
2-0: Foul Ball, location: 2F
2-1: Ball
3-1: Fly out, F8 (Flyball, 8LM)
Bottom of the 7th over - 0 runs, 1 hit, 0 errors, 1 left on base; Hialeah 8 - Hamilton 10
TOP OF THE 8TH
Hialeah Dodos batting - Pitching for Hamilton Coyotes : RHP Noburo Oishi
Pitching: RHP Chris Kuhn
Batting: LHB Kendrick Sullivan 0-0: Ball
1-0: Called Strike
1-1: Ground out 4-3 (Groundball, 4)
Batting: RHB Aurelio Álvarez 0-0: Fly out, F9 (Flyball, 9LM)
Batting: SHB Javier Gonzáles 0-0: Ball
1-0: Swinging Strike
1-1: Foul Ball, location: 2F
1-2: Ball
2-2: Foul Ball, location: 2F
2-2: Ball
3-2: Base on Balls
Batting: RHB Jack Head 0-0: Reached on error, E5 (Groundball, 56)
Javier Gonzáles to third
Batting: SHB Luis Manuel Flores 0-0: Ball
1-0: Ball
2-0: Ball
3-0: Called Strike
3-1: Called Strike
3-2: Foul Ball, location: 2F
3-2: Foul Ball, location: 2F
3-2: Foul Ball, location: 2F
3-2: Fly out, F4 (Line Drive, 4)
Top of the 8th over - 0 runs, 0 hits, 1 error, 2 left on base; Hialeah 8 - Hamilton 10
BOTTOM OF THE 8TH
Hamilton Coyotes batting - Pitching for Hialeah Dodos : RHP Cisco Ortíz
Batting: RHB Pancho Rodríguez 0-0: Foul Ball, location: 2F
0-1: Foul Ball, location: 2F
0-2: Ball
1-2: Ball
2-2: Foul Ball, location: 2F
2-2: Ball
3-2: Base on Balls
Batting: LHB Ed Mellor 0-0: Grounds into double play, 6-4-3 (Groundball, 6)
Batting: LHB José Gómez 0-0: Hit by Pitch
Batting: RHB Júlio Robles 0-0: Ball
1-0: Ball
2-0: Ball
3-0: Called Strike
3-1: Base on Balls
José Gómez to second
Batting: RHB Duane Wills 0-0: Ball
1-0: Called Strike
1-1: Foul Ball, location: 2F
1-2: Ground out 1-3 (Groundball, P)
Bottom of the 8th over - 0 runs, 0 hits, 0 errors, 2 left on base; Hialeah 8 - Hamilton 10
TOP OF THE 9TH
Hialeah Dodos batting - Pitching for Hamilton Coyotes : RHP Chris Kuhn
Pitching: RHP Kevin Pilkington
Batting: RHB Clarence Weber 0-0: Ball
1-0: Ball
2-0: Called Strike
2-1: Ball
3-1: Foul Ball, location: 2F
3-2: Base on Balls
Batting: RHB Jorge Salgado 0-0: Swinging Strike
0-1: Ball
1-1: Ball
2-1: Foul Ball, location: 2F
2-2: Ball
3-2: Foul Ball, location: 2F
3-2: Foul Ball, location: 2F
3-2: Base on Balls
Clarence Weber to second
Batting: LHB Errol Levick 0-0: Ball
1-0: Foul Ball, location: 2F
1-1: Ball
2-1: Foul Ball, location: 2F
2-2: Fly out, F8 (Flyball, 8LD)
Batting: RHB James Hill 0-0: Ball
1-0: Foul Ball, location: 2F
1-1: Called Strike
1-2: Foul Ball, location: 2F
1-2: Ball
2-2: SINGLE (Groundball, 6D)
Clarence Weber to third
Jorge Salgado to second
Batting: LHB Kendrick Sullivan 0-0: Called Strike
0-1: Ball
1-1: Foul Ball, location: 2F
1-2: Strikes out swinging
Batting: RHB Aurelio Álvarez 0-0: Called Strike
0-1: Ball
1-1: Foul Ball, location: 2F
1-2: Foul Ball, location: 2F
1-2: Ball
Passed Ball!
Clarence Weber scores
Jorge Salgado to third
James Hill to second
2-2: Foul Ball, location: 2F
2-2: Ball
3-2: Strikes out swinging
Top of the 9th over - 1 run, 1 hit, 0 errors, 2 left on base; Hialeah 9 - Hamilton 10
Friday, March 29th, 2019 - OOTP Baseball 18.8 Build 76